Map: King's Cove LE

Players

Quarrell

  • Race: Terran Terran
  • League: Platinum
  • Spawn Location: 5:00

A.I. 1 (Harder) - Winner!

  • Race: Terran Terran
  • Spawn Location: 11:00

VOD

Have the link to the VOD?

Description

Time

  • Played on: July 25, 2019, 5:41 p.m.
  • Length: 12:46
Show
View Real Time Build Order
Export as new Build Order

Quarrell Terran 

Build Orders:  

Get SALT Encoding   

  12  0:04  SCV  
  13  0:16  SCV  
  14  0:24  Supply Depot  
  14  0:28  SCV  
  15  0:45  SCV  
  15  0:47  Barracks  
  16  0:57  SCV  
  16  1:03  Refinery  
  17  1:09  SCV  
  18  1:21  SCV  
  19  1:34  SCV  
  19  1:36  Supply Depot  
  20  1:40  Marine  
  21  1:48  Barracks  
  21  1:49  Orbital Command  
  21  2:13  Barracks Reactor  
  21  2:20  Command Center  
  21  2:23  SCV  
  21  2:29  Refinery  
  22  2:35  SCV  
  23  2:42  Factory  
  23  2:43  Barracks Reactor  
  23  2:47  SCV  
  23  2:49  Marine x2  
  26  2:59  SCV  
  27  3:07  Marine x2  
  27  3:11  SCV  
  30  3:23  Marine  
  31  3:29  Supply Depot  
  31  3:31  Marine x3  
  31  3:32  Factory Tech Lab  
  34  3:40  Marine  
  35  3:41  Orbital Command  
  35  3:42  SCV  
  36  3:49  Marine  
  36  3:52  Supply Depot  
  36  3:54  SCV  
  38  3:58  Siege Tank  
  41  4:06  SCV  
  42  4:11  SCV  
  42  4:14  Marine x2, Supply Depot  
  42  4:15  Marine  
  46  4:18  SCV  
  46  4:23  SCV  
  48  4:30  SCV  
  49  4:32  Siege Tank  
  49  4:36  Supply Depot  
  52  4:40  Starport  
  52  4:43  SCV x2  
  54  4:55  SCV x2  
  56  5:01  Marine x4, Supply Depot  
  60  5:07  SCV x2  
  60  5:08  Siege Tank  
  65  5:19  Marine x3, Starport, SCV  
  69  5:23  SCV  
  70  5:29  Supply Depot  
  70  5:30  Starport Tech Lab  
  70  5:31  SCV  
  71  5:36  SCV, Starport  
  72  5:45  SCV  
  72  5:48  SCV  
  74  5:53  Refinery  
  74  5:54  Refinery  
  74  5:57  SCV  
  74  5:58  Fusion Core  
  74  6:00  SCV  
  74  6:02  Supply Depot  
  76  6:06  Marine  
  76  6:07  Marine x3  
  80  6:12  Siege Tank  
  83  6:23  Starport Tech Lab  
  83  6:24  Starport Tech Lab, Marine x2  
  85  6:36  Supply Depot  
  85  6:43  Command Center  
  85  6:50  Battlecruiser  
  91  7:08  Battlecruiser  
  97  7:10  SCV, Marine x4  
  102  7:28  Marine x4  
  106  7:46  Marine x4  
  110  7:54  SCV x2  
  110  7:55  Battlecruiser, Supply Depot  
  110  7:56  Supply Depot  
  118  8:02  Orbital Command  
  118  8:07  SCV x2  
  120  8:14  Refinery  
  120  8:16  Refinery  
  120  8:18  Supply Depot x2  
  120  8:19  SCV x2  
  124  8:22  Battlecruiser  
  124  8:24  Marine x4  
  132  8:35  Battlecruiser  
  132  8:41  Supply Depot x2  
  138  8:42  Marine x4  
  138  8:45  Armory  
  138  8:46  SCV x2  
  144  8:59  Marine  
  144  9:00  Marine x3  
  148  9:10  Battlecruiser  
  154  9:17  Marine x2  
  154  9:18  Marine x2  
  158  9:26  Battlecruiser  
  158  9:29  Supply Depot  
  164  9:35  Marine x3  
  164  9:36  Marine  
  167  9:42  Battlecruiser  
  173  9:52  Supply Depot  
  173  9:53  Marine x4  
  173  9:59  Supply Depot  
  177  10:11  Marine x4  
  181  10:14  Battlecruiser, Supply Depot  
  187  10:25  Supply Depot  
  187  10:29  Marine x4  
  187  10:30  Terran Ship Weapons Level 1, Battlecruiser  
  197  10:43  SCV x3  
  200  10:58  Command Center  
Show
View Real Time Build Order
Export as new Build Order

A.I. 1 (Harder) Terran - Winner!

Build Orders:  

Get SALT Encoding   

  12  0:00  SCV  
  13  0:13  SCV  
  14  0:19  Supply Depot  
  14  0:25  SCV  
  15  0:40  SCV  
  16  0:45  Barracks  
  16  0:51  Refinery  
  16  0:53  SCV  
  17  1:05  SCV  
  18  1:17  SCV  
  19  1:24  Supply Depot  
  19  1:29  SCV  
  19  1:32  Marine  
  21  1:42  Barracks, Orbital Command  
  21  1:51  Barracks Tech Lab, Refinery  
  21  2:06  Factory  
  21  2:09  Marine  
  22  2:21  Supply Depot  
  22  2:27  Marine  
  22  2:29  Marine  
  24  2:45  Marine  
  24  2:47  Marine  
  24  2:51  Hellion  
  28  2:54  Supply Depot  
  28  3:02  Marine  
  28  3:05  Marine  
  30  3:12  Hellion  
  32  3:20  Marine  
  32  3:26  Supply Depot  
  33  3:28  SCV  
  33  3:34  Hellion  
  36  3:40  SCV  
  37  3:41  Engineering Bay  
  37  3:53  SCV  
  37  3:55  Hellion  
  40  4:05  SCV  
  41  4:16  Hellion  
  44  4:17  SCV  
  44  4:29  SCV  
  45  4:38  Hellion  
  47  5:01  Barracks Tech Lab, Marauder  
  47  5:02  Stimpack  
  47  5:04  Factory, Factory Tech Lab  
  47  5:06  Supply Depot  
  49  5:11  Terran Infantry Weapons Level 1  
  49  5:13  Starport  
  49  5:19  Combat Shield  
  49  5:21  Starport  
  49  5:22  Marine  
  49  5:23  Marauder  
  52  5:33  Supply Depot  
  52  5:40  Marine  
  51  5:44  Marauder  
  51  5:47  Factory Tech Lab  
  53  5:51  Starport Tech Lab  
  53  5:54  Command Center  
  53  5:57  Starport Tech Lab  
  53  5:59  Marauder  
  55  6:06  Marauder  
  57  6:20  Reaper  
  58  6:27  Reaper  
  58  6:28  Ghost Academy  
  59  6:38  Concussive Shells, Supply Depot  
  59  6:51  Marine, Raven  
  62  6:54  Missile Turret  
  62  6:59  Marauder  
  62  7:01  Missile Turret  
  64  7:06  SCV, Terran Infantry Armor Level 1  
  64  7:07  SCV  
  64  7:08  Refinery  
  66  7:09  Ghost  
  68  7:18  SCV  
  68  7:19  SCV  
  70  7:29  Bunker, Raven  
  70  7:31  SCV x2  
  74  7:39  Missile Turret  
  74  7:43  SCV  
  75  7:44  SCV  
  76  7:52  Missile Turret  
  76  7:55  SCV  
  76  7:56  SCV  
  78  8:05  Sensor Tower  
  78  8:07  SCV  
  78  8:08  SCV  
  80  8:14  Bunker  
  80  8:19  SCV  
  81  8:21  SCV, Armory  
  82  8:31  SCV  
  82  8:33  SCV  
  84  8:38  Barracks  
  84  8:39  Supply Depot  
  84  8:43  SCV  
  85  8:56  Viking  
  87  9:10  Command Center  
  87  9:24  Siege Tank  
  87  9:26  Barracks Reactor  
  87  9:30  Widow Mine  
  92  9:32  Supply Depot  
  92  9:36  Viking  
  93  9:42  Banshee  
  96  9:52  Refinery  
  96  9:56  Supply Depot  
  96  10:06  Medivac  
  98  10:25  Medivac  
  100  10:36  Medivac  
  100  10:37  Factory, Siege Tank  
  100  10:39  Refinery  
  100  10:41  Starport  
  105  10:43  Refinery  
  105  10:49  Siege Tank  
  108  10:52  SCV  
  108  10:53  SCV  
  108  10:55  Raven  
  108  10:56  SCV  
  113  11:04  SCV  
  113  11:05  SCV  
  113  11:06  Viking  
  113  11:08  SCV  
  113  11:10  Widow Mine, Supply Depot  
  108  11:16  SCV  
  108  11:17  SCV, Viking  
  102  11:19  Marine x4  
  102  11:20  SCV, Factory Tech Lab  
  78  11:35  Hellion  
  78  11:36  Viking  
  78  11:37  Marine  
  78  11:38  Viking  
  78  11:39  Hellion  
  68  11:43  Hellion  
  64  11:49  Starport Reactor  
  64  11:52  Marine  
  59  12:00  Viking  
  38  12:10  Hellion  
  26  12:29  Barracks  
Tags
 
League
Platinum
Matchup
TvT
Race
Terran
Spawn Locations
Cross Positions
Add a new tag
Caveats
  • Supply blocks, unpowered buildings, or Contaminate may cause inaccurate times.
  • Supply counts are checked every 10 seconds.